[ AOE2 MATCH · #506255367 ]
UnrankedGeorgians vs Koreans
Player's team · WIN
Rival team · LOSS
[ REPLAY ANALYSIS · EXTRACTED FROM THE RECORDED GAME ]
Feudal
12:02
Castle
16:02
Imperial
—
| APM avg | 46.7 |
| APM peak | 76 |
| eAPM avg | 27.6 |
| Villagers / military | 104 / 38 |
Focus
⚔️ 28.6% · 🌾 71.4%
Monk ×27 · Scout Cavalry ×7 · Battering Ram ×3 · Trade Cart ×1 · Cavalry Archer ×1
Feudal
13:05
Castle
17:10
Imperial
—
| APM avg | 56.2 |
| APM peak | 101 |
| eAPM avg | 25.1 |
| Villagers / military | 41 / 28 |
Focus
⚔️ 33.1% · 🌾 66.9%
War Wagon ×28
Match map
Initial resources + every placement click. Lines = walls · curves = elevation contours. ◆ gold · ⬟ stone · ● berries · ✦ relic · ◌ wall gap
Your base· Open — 5t gap
[Nors] OG DADDY's base· Open — unwalled flank
Smoothed initial terrain · ◌ = detected wall gap · hover for details
Inputs per minute
— GAX | TWO9 - - [Nors] OG DADDY
Build order — GAX | TWO9
First 150 of 259 actions detected
| 0:02 | Build | Town Center |
| 1:11 | Build | House |
| 1:57 | Create | Villager (Male) |
| 1:57 | Create | Villager (Male) |
| 1:58 | Create | Villager (Male) |
| 2:05 | Create | Villager (Male) |
| 2:40 | Build | House |
| 2:50 | Build | House |
| 2:57 | Build | House |
| 3:14 | Build | House |
| 3:27 | Create | Villager (Male) |
| 3:28 | Create | Villager (Male) |
| 3:58 | Create | Villager (Male) |
| 3:58 | Create | Villager (Male) |
| 3:59 | Create | Villager (Male) |
| 3:59 | Create | Villager (Male) |
| 4:06 | Build | House |
| 4:33 | Build | House |
| 4:43 | Create | Villager (Male) |
| 4:58 | Create | Villager (Male) |
| 5:04 | Build | House |
| 5:11 | Create | Villager (Male) |
| 5:24 | Create | Villager (Male) |
| 6:14 | Create | Villager (Male) |
| 6:31 | Create | Villager (Male) |
| 6:39 | Build | House |
| 7:03 | Create | Villager (Male) |
| 7:07 | Build | House |
| 7:14 | Build | House |
| 7:19 | Build | House |
| 7:39 | Create | Villager (Male) |
| 7:41 | Build | Palisade Wall |
| 8:00 | Build | Palisade Wall |
| 8:07 | Create | Villager (Male) |
| 8:10 | Create | Villager (Male) |
| 8:13 | Build | House |
| 8:24 | Build | Mill |
| 8:33 | Create | Villager (Male) |
| 8:50 | Create | Villager (Male) |
| 9:23 | Research | Feudal Age |
| 9:38 | Build | Mule Cart |
| 10:45 | Build | Barracks |
| 10:54 | Research | Loom |
| 11:58 | Create | Villager (Male) |
| 12:02 | Age | Feudal Age |
| 12:05 | Build | Stable |
| 12:39 | Create | Villager (Male) |
| 12:47 | Build | Blacksmith |
| 13:17 | Build | House |
| 13:18 | Build | House |
| 13:22 | Research | Castle Age |
| 13:22 | Research | Castle Age |
| 13:28 | Research | Double-Bit Axe |
| 13:28 | Research | Double-Bit Axe |
| 13:34 | Create | Scout Cavalry |
| 13:34 | Create | Scout Cavalry |
| 13:35 | Create | Scout Cavalry |
| 13:35 | Create | Scout Cavalry |
| 13:42 | Research | Forging |
| 13:43 | Research | Forging |
| 13:47 | Create | Scout Cavalry |
| 14:46 | Create | Scout Cavalry |
| 15:09 | Create | Scout Cavalry |
| 15:18 | Create | Villager (Male) |
| 15:38 | Create | Villager (Male) |
| 16:02 | Age | Castle Age |
| 16:06 | Build | Monastery |
| 16:11 | Research | Light Cavalry (upgrade) |
| 16:18 | Build | Town Center |
| 16:37 | Create | Villager (Male) |
| 16:39 | Create | Monk |
| 17:10 | Create | Villager (Male) |
| 17:22 | Create | Monk |
| 17:40 | Build | Town Center |
| 17:51 | Create | Villager (Male) |
| 18:08 | Create | Villager (Male) |
| 18:08 | Create | Villager (Male) |
| 18:11 | Build | House |
| 18:11 | Build | House |
| 18:14 | Create | Villager (Male) |
| 18:19 | Create | Villager (Male) |
| 18:35 | Create | Villager (Male) |
| 18:38 | Create | Villager (Male) |
| 18:51 | Create | Monk |
| 18:57 | Build | House |
| 19:15 | Create | Villager (Male) |
| 19:17 | Research | Horse Collar |
| 19:17 | Research | Horse Collar |
| 19:26 | Build | Monastery |
| 19:30 | Create | Villager (Male) |
| 19:46 | Create | Villager (Male) |
| 20:00 | Create | Monk |
| 20:02 | Create | Villager (Male) |
| 20:06 | Build | Farm |
| 20:06 | Build | Farm |
| 20:07 | Build | Farm |
| 20:07 | Build | Farm |
| 20:07 | Build | Farm |
| 20:17 | Create | Villager (Male) |
| 20:36 | Create | Villager (Male) |
| 20:43 | Build | Archery Range |
| 20:48 | Create | Villager (Male) |
| 20:54 | Create | Monk |
| 21:04 | Create | Villager (Male) |
| 21:06 | Build | Farm |
| 21:26 | Create | Villager (Male) |
| 21:46 | Create | Villager (Male) |
| 21:47 | Build | Farm |
| 21:49 | Create | Villager (Male) |
| 21:49 | Create | Villager (Male) |
| 21:56 | Create | Villager (Male) |
| 21:59 | Build | Monastery |
| 22:03 | Create | Villager (Male) |
| 22:11 | Create | Monk |
| 22:12 | Create | Cavalry Archer |
| 22:16 | Build | Mule Cart |
| 22:23 | Create | Villager (Male) |
| 22:27 | Create | Villager (Male) |
| 22:30 | Create | Villager (Male) |
| 22:34 | Create | Villager (Male) |
| 22:47 | Create | Villager (Male) |
| 22:49 | Build | House |
| 22:51 | Build | House |
| 22:52 | Build | House |
| 22:54 | Build | House |
| 22:57 | Build | House |
| 23:02 | Create | Villager (Male) |
| 23:09 | Research | Wheelbarrow |
| 23:15 | Research | Wheelbarrow |
| 23:15 | Research | Town Watch |
| 23:16 | Research | Heavy Plow |
| 23:18 | Create | Villager (Male) |
| 23:20 | Research | Gold Mining |
| 23:24 | Research | Bow Saw |
| 23:25 | Create | Villager (Male) |
| 23:28 | Create | Villager (Male) |
| 23:35 | Create | Monk |
| 23:55 | Create | Villager (Male) |
| 24:05 | Build | Monastery |
| 24:09 | Build | Farm |
| 24:09 | Build | Farm |
| 24:09 | Build | Farm |
| 24:09 | Build | Farm |
| 24:10 | Build | Farm |
| 24:10 | Build | Farm |
| 24:10 | Build | Farm |
| 24:11 | Create | Villager (Male) |
| 24:23 | Create | Villager (Male) |
| 24:27 | Build | House |
| 24:31 | Create | Villager (Male) |
Build order — [Nors] OG DADDY
137 actions detected in the replay
| 0:09 | Build | Town Center |
| 1:45 | Build | Palisade Wall |
| 1:52 | Build | Palisade Wall |
| 2:08 | Create | Villager (Male) |
| 2:19 | Build | House |
| 2:20 | Research | Loom |
| 2:22 | Create | Villager (Male) |
| 2:31 | Create | Villager (Male) |
| 2:37 | Build | House |
| 3:13 | Create | Villager (Male) |
| 3:21 | Create | Villager (Male) |
| 3:23 | Create | Villager (Male) |
| 3:23 | Create | Villager (Male) |
| 4:09 | Create | Villager (Male) |
| 4:09 | Create | Villager (Male) |
| 4:10 | Create | Villager (Male) |
| 4:18 | Build | Mill |
| 4:41 | Create | Villager (Male) |
| 5:56 | Create | Villager (Male) |
| 6:07 | Build | House |
| 6:07 | Build | House |
| 6:21 | Create | Villager (Male) |
| 6:36 | Create | Villager (Male) |
| 6:46 | Create | Villager (Male) |
| 7:12 | Create | Villager (Male) |
| 7:45 | Create | Villager (Male) |
| 7:46 | Create | Villager (Male) |
| 8:44 | Create | Villager (Male) |
| 9:06 | Create | Villager (Male) |
| 9:09 | Build | Palisade Wall |
| 9:32 | Build | Lumber Camp |
| 9:57 | Build | House |
| 10:05 | Create | Villager (Male) |
| 10:11 | Build | House |
| 10:16 | Build | House |
| 10:17 | Build | Palisade Wall |
| 10:20 | Create | Villager (Male) |
| 10:31 | Build | Mining Camp |
| 10:41 | Research | Feudal Age |
| 10:56 | Build | Palisade Wall |
| 10:59 | Build | Palisade Wall |
| 11:03 | Build | Palisade Wall |
| 12:52 | Create | Villager (Male) |
| 12:53 | Create | Villager (Male) |
| 13:00 | Build | Palisade Wall |
| 13:01 | Build | Palisade Wall |
| 13:03 | Build | Palisade Wall |
| 13:04 | Build | Palisade Wall |
| 13:05 | Age | Feudal Age |
| 13:12 | Build | Market |
| 13:15 | Build | Blacksmith |
| 13:22 | Build | Blacksmith |
| 13:32 | Build | Mining Camp |
| 13:57 | Create | Villager (Male) |
| 14:11 | Build | Palisade Wall |
| 14:30 | Research | Castle Age |
| 15:03 | Build | Farm |
| 15:05 | Build | Farm |
| 15:11 | Research | Double-Bit Axe |
| 15:17 | Build | Farm |
| 16:42 | Create | Villager (Male) |
| 17:10 | Age | Castle Age |
| 17:22 | Build | Castle |
| 17:25 | Build | Palisade Wall |
| 17:28 | Build | Palisade Wall |
| 17:33 | Build | Palisade Wall |
| 17:36 | Build | Palisade Wall |
| 17:51 | Build | Palisade Gate |
| 17:58 | Create | Villager (Male) |
| 17:59 | Create | Villager (Male) |
| 18:22 | Build | Lumber Camp |
| 18:23 | Create | Villager (Male) |
| 18:33 | Research | Fletching |
| 18:43 | Build | Outpost |
| 18:50 | Build | Outpost |
| 18:59 | Build | Stone Wall |
| 19:00 | Build | Stone Wall |
| 19:01 | Build | Stone Wall |
| 19:02 | Build | Stone Wall |
| 19:05 | Build | Stone Wall |
| 19:10 | Build | Stone Wall |
| 19:14 | Build | Stone Wall |
| 19:16 | Build | Stone Wall |
| 19:22 | Build | Palisade Wall |
| 19:31 | Create | War Wagon |
| 19:32 | Create | War Wagon |
| 19:32 | Create | War Wagon |
| 19:32 | Create | War Wagon |
| 19:34 | Create | Villager (Male) |
| 19:35 | Create | Villager (Male) |
| 19:49 | Build | Palisade Wall |
| 19:50 | Build | Palisade Wall |
| 19:51 | Build | Palisade Wall |
| 19:55 | Create | Villager (Male) |
| 20:00 | Build | Farm |
| 20:02 | Build | Farm |
| 20:03 | Create | War Wagon |
| 20:29 | Build | Stone Wall |
| 20:33 | Build | Palisade Wall |
| 20:34 | Build | Palisade Wall |
| 20:35 | Build | Palisade Wall |
| 20:41 | Create | War Wagon |
| 20:44 | Create | War Wagon |
| 20:56 | Create | Villager (Male) |
| 21:07 | Create | War Wagon |
| 21:40 | Research | Bodkin Arrow |
| 22:32 | Create | War Wagon |
| 22:33 | Create | War Wagon |
| 22:59 | Create | Villager (Male) |
| 23:15 | Create | War Wagon |
| 23:15 | Create | War Wagon |
| 23:28 | Create | War Wagon |
| 23:36 | Create | Villager (Male) |
| 24:15 | Create | War Wagon |
| 24:15 | Create | War Wagon |
| 24:33 | Create | Villager (Male) |
| 25:03 | Create | War Wagon |
| 25:22 | Create | War Wagon |
| 26:05 | Create | War Wagon |
| 26:05 | Create | War Wagon |
| 26:19 | Create | War Wagon |
| 26:48 | Create | Villager (Male) |
| 26:48 | Create | Villager (Male) |
| 26:58 | Create | War Wagon |
| 27:16 | Create | War Wagon |
| 27:27 | Create | Villager (Male) |
| 27:44 | Create | War Wagon |
| 27:53 | Build | Farm |
| 27:55 | Build | Farm |
| 28:01 | Create | Villager (Male) |
| 28:02 | Create | Villager (Male) |
| 28:27 | Create | War Wagon |
| 29:35 | Create | War Wagon |
| 30:27 | Create | War Wagon |
| 30:28 | Create | War Wagon |
| 31:04 | Create | War Wagon |
| 32:35 | Build | Market |
Match timeline
| 1:45 | [Nors] OG DADDY · wall_segment Palisade Wall x2 |
| 1:52 | [Nors] OG DADDY · wall_segment Palisade Wall x1 |
| 7:41 | GAX | TWO9 · wall_segment Palisade Wall x1 |
| 8:00 | GAX | TWO9 · wall_segment Palisade Wall x1 |
| 9:09 | [Nors] OG DADDY · wall_segment Palisade Wall x1 |
| 10:17 | [Nors] OG DADDY · wall_segment Palisade Wall x1 |
| 10:45 | GAX | TWO9 · first_building Barracks |
| 10:56 | [Nors] OG DADDY · wall_segment Palisade Wall x1 |
| 10:59 | [Nors] OG DADDY · wall_segment Palisade Wall x1 |
| 11:03 | [Nors] OG DADDY · wall_segment Palisade Wall x1 |
| 12:02 | GAX | TWO9 · age_up feudal |
| 12:05 | GAX | TWO9 · first_building Stable |
| 13:00 | [Nors] OG DADDY · wall_segment Palisade Wall x1 |
| 13:01 | [Nors] OG DADDY · wall_segment Palisade Wall x1 |
| 13:03 | [Nors] OG DADDY · wall_segment Palisade Wall x1 |
| 13:04 | [Nors] OG DADDY · wall_segment Palisade Wall x1 |
| 13:05 | [Nors] OG DADDY · age_up feudal |
| 14:11 | [Nors] OG DADDY · wall_segment Palisade Wall x1 |
| 14:29 | [Nors] OG DADDY · first_market_sell 100 food |
| 16:02 | GAX | TWO9 · age_up castle |
| 16:06 | GAX | TWO9 · first_building Monastery |
| 17:10 | [Nors] OG DADDY · age_up castle |
| 17:22 | [Nors] OG DADDY · first_building Castle |
| 17:25 | [Nors] OG DADDY · wall_segment Palisade Wall x1 |
| 17:28 | [Nors] OG DADDY · wall_segment Palisade Wall x2 |
| 17:33 | [Nors] OG DADDY · wall_segment Palisade Wall x1 |
| 17:36 | [Nors] OG DADDY · wall_segment Palisade Wall x1 |
| 18:59 | [Nors] OG DADDY · wall_segment Stone Wall x1 |
| 19:00 | [Nors] OG DADDY · wall_segment Stone Wall x1 |
| 19:01 | [Nors] OG DADDY · wall_segment Stone Wall x1 |
| 19:02 | [Nors] OG DADDY · wall_segment Stone Wall x1 |
| 19:05 | [Nors] OG DADDY · wall_segment Stone Wall x1 |
| 19:10 | [Nors] OG DADDY · wall_segment Stone Wall x1 |
| 19:14 | [Nors] OG DADDY · wall_segment Stone Wall x1 |
| 19:16 | [Nors] OG DADDY · wall_segment Stone Wall x1 |
| 19:22 | [Nors] OG DADDY · wall_segment Palisade Wall x1 |
| 19:49 | [Nors] OG DADDY · wall_segment Palisade Wall x1 |
| 19:50 | [Nors] OG DADDY · wall_segment Palisade Wall x1 |
| 19:51 | [Nors] OG DADDY · wall_segment Palisade Wall x1 |
| 20:29 | [Nors] OG DADDY · wall_segment Stone Wall x1 |
| 20:33 | [Nors] OG DADDY · wall_segment Palisade Wall x1 |
| 20:34 | [Nors] OG DADDY · wall_segment Palisade Wall x1 |
| 20:35 | [Nors] OG DADDY · wall_segment Palisade Wall x1 |
| 20:43 | GAX | TWO9 · first_building Archery Range |
| 27:20 | GAX | TWO9 · first_market_sell 100 wood |
| 27:22 | GAX | TWO9 · first_market_buy 100 stone |
| 28:44 | GAX | TWO9 · first_building Siege Workshop |
| 32:45 | [Nors] OG DADDY · resign |
[ AI ANALYSIS · 1 CREDIT ]
What really happened in this match?
Wolo.gg analyzes every decision: build order, eco, micro, common mistakes by bracket. Personalized analysis on WhatsApp or Discord in 30 seconds.
Civ guide
Georgians
Perfil
Jugador #25544186